 Dungeon Crawl Stone Soup version 0.26.0-20-g3ca415f5b8 (webtiles) character file.

Game seed: 9787888204328869766

190 JakoBeide the Covered (level 5, -13/33 HPs)
             Began as a Gargoyle Fighter on Jan 25, 2021.
             Mangled by an ogre
             ... wielding a +0 giant spiked club
              (18 damage)
             ... on level 3 of the Dungeon.
             The game lasted 00:12:15 (3110 turns).

JakoBeide the Covered (Gargoyle Fighter)            Turns: 3110, Time: 00:12:16

Health: -13/33     AC: 12    Str: 21    XL:     5   Next: 69%
Magic:  5/5        EV:  7    Int:  8    God:
Gold:   103        SH:  9    Dex:  9    Spells: 4/4 levels left

rFire    . . .     SeeInvis .   a - +0 trident
rCold    . . .     Faith    .   c - +0 kite shield
rNeg     + . .     Spirit   .   b - +0 scale mail
rPois    ∞         Reflect  .   l - +0 helmet
rElec    +         Harm     .   (no cloak)
rCorr    .         Rampage  .   (no gloves)
Will     .....                  (no boots)
Stlth    ..........             (no amulet)
HPRegen  0.11/turn              (no ring)
MPRegen  0.09/turn              (no ring)

@: no status effects
A: negative energy resistance 1, electricity resistance, unbreathing,
petrification resistance, miasma immunity, AC +4
a: no special abilities


You were on level 3 of the Dungeon.
You visited 1 branch of the dungeon, and saw 3 of its levels.

You collected 103 gold pieces.

Inventory:

Hand Weapons
 a - a +0 trident (weapon)
 s - a +4 dagger of protection
Armour
 b - a +0 scale mail (worn)
 c - a +0 kite shield (worn)
 i - a +0 chain mail
 l - a +0 helmet (worn)
 m - a +0 scale mail
 t - a +2 robe of willpower
Wands
 r - a wand of flame (10)
Scrolls
 f - a scroll of fear {unknown}
 h - 3 scrolls of enchant armour
 n - a scroll of fog {unknown}
 o - a scroll of amnesia
 p - a scroll of remove curse {unknown}
 q - a scroll of random uselessness {unknown}
 w - a scroll of teleportation {unknown}
Potions
 d - 4 potions of might
 g - 2 potions of brilliance {unknown}
 j - a potion of lignification {unknown}
 k - 4 potions of curing {unknown}
 u - a potion of cancellation {unknown}
 v - a potion of haste {unknown}
 x - a potion of attraction {unknown}


   Skills:
 + Level 3.6 Fighting
 + Level 3.5 Polearms
 + Level 4.4 Armour
 + Level 0.5 Dodging
 + Level 0.3 Stealth
 + Level 4.1 Shields


You had 4 spell levels left.
You didn't know any spells.
Your spell library was empty.

Dungeon Overview and Level Annotations

Branches:
Dungeon (3/15)

Altars:


Innate Abilities, Weirdness & Mutations

You are resistant to torment.
Your stone body is resilient. (AC +4)
You are immune to poison.
You resist negative energy. (rN+)
You are resistant to electric shocks. (rElec)
You can survive without breathing.
You are immune to petrification.
You are immune to miasma.


Message History

You hit the ogre.
The ogre is almost dead.
You hit the ogre but do no damage.
The ogre is almost dead.
The ogre hits you with a +0 giant spiked club!
* * * LOW HITPOINT WARNING * * *
You feel much better. You block the ogre's attack.
Your scale mail prevents you from hitting the ogre.
The ogre is almost dead.
The ogre hits you with a +0 giant spiked club!
Ouch! That really hurt!
You hit the ogre but do no damage.
The ogre is almost dead.
The ogre hits you with a +0 giant spiked club!
* * * LOW HITPOINT WARNING * * *
You hit the ogre but do no damage.
The ogre is almost dead.
The ogre hits you with a +0 giant spiked club!!
Ouch! That really hurt!
You die...

. #.....# .
#.....# ##.
#.....# #
#.. #.....#
#.#.#
#.....#
#.#.##
#######
....
#O########
#@....(..#
########.#
#.#
#.#########
#..........
###########


You could see an ogre.

Vanquished Creatures
  Jessica (D:3)
  Robin (D:2)
  4 adders
  A shadow imp (D:2)
  A worm (D:2)
  2 dart slugs
  2 leopard geckos
  An orc (D:3)
  A ball python (D:2)
  8 bats
  6 giant cockroaches
  16 goblins
  13 hobgoblins
  5 jackals (D:1)
  16 kobolds
  2 quokkas (D:2)
  3 frilled lizards
  11 rats
94 creatures vanquished.

Notes
Turn   | Place    | Note
-------+----------+-------------------------------------------
     0 | D:1      | JakoBeide the Gargoyle Fighter began the quest for the Orb.
     0 | D:1      | Reached XP level 1. HP: 14/14 MP: 1/1
    68 | D:1      | Reached XP level 2. HP: 10/19 MP: 2/2
   525 | D:1      | Reached XP level 3. HP: 22/23 MP: 3/3
  1449 | D:2      | Reached XP level 4. HP: 28/28 MP: 4/4
  2351 | D:2      | Noticed Robin
  2383 | D:2      | Killed Robin
  2384 | D:2      | Reached XP level 5. HP: 24/32 MP: 5/5
  2539 | D:3      | Noticed Jessica
  2561 | D:3      | Killed Jessica
  3096 | D:3      | Noticed an ogre
  3110 | D:3      | Mangled by an ogre

Illustrated notes

Levels and vault maps discovered:
D:1:      dpeg_arrival_rooms_a, layout_basic
D:2:      layout_loops_corners, minmay_misc_feat_enclosed, st_stairs_5,
          minmay_increasing_density, uniq_robin
D:3:      layout_loops_cross, uniq_jessica

Skill      XL: |  1  2  3  4 |
---------------+-------------+-----
Polearms       | 2 3 |  3.5
Armour         | 4 |  4.4
Shields        | 4 |  4.1
Fighting       | |  3.6
Dodging        | |  0.5
Stealth        | |  0.3

Action                   |  1- 3 |  4- 6 || total
-------------------------+-------+-------++-------
Melee: Trident           |   152 |   245 ||   397
  Use: Scroll            |     1 |     2 ||     3
       Potion            |       |     3 ||     3
Armor: Scale mail        |    72 |   169 ||   241
Dodge: Dodged            |    55 |    88 ||   143
Block: Kite shield       |    68 |   140 ||   208
